 Dungeon Crawl Stone Soup version 0.25-a0-803-g58bd18402a (console) character file.

Game seed: 11002777109514065925, levelgen mode: classic

26657 Duffy the Cleaver (level 13, -5/117 HPs)
             Began as a Naga Fighter on Apr 19, 2020.
             Was a Priest of Makhleb.
             Slain by a death yak (8 damage)
             ... on level 5 of the Lair of Beasts.
             The game lasted 00:24:49 (19444 turns).

Duffy the Cleaver (Naga Fighter)                   Turns: 19444, Time: 00:24:49

Health: -5/117     AC: 21    Str: 27    XL:     13   Next: 27%
Magic:  18/18      EV:  7    Int: 20    God:    Makhleb [***...]
Gold:   730        SH: 12    Dex: 10    Spells: 12/12 levels left

rFire    . . .     SeeInvis +   a - +1 war axe
rCold    . . .     Gourm    .   c - +0 kite shield
rNeg     . . .     Faith    +   Y - +2 plate armour {MR+}
rPois    +         Spirit   .   g - +0 helmet
rElec    .         Reflect  .   W - +1 cloak {MR+}
rCorr    .         Harm     .   U - +1 pair of gloves {archery}
MR       +++..                  (no barding)
Stlth    ..........             C - amulet of faith
HPRegen  0.29/turn              X - ring "Veroirhi" {Wiz Str+9 Int+5 Stlth-}
MPRegen  0.16/turn              O - +2 ring of slaying

@: very slow
A: large, see invisible, deformed body, poison resistance, slowness 2, slow
metabolism 1, spit poison 1, constrict 1, AC +4
a: Spit Poison, Minor Destruction, Lesser Servant of Makhleb, Renounce Religion


You were on level 5 of the Lair of Beasts.
You worshipped Makhleb.
Makhleb was most pleased with you.
You were full.

You visited 2 branches of the dungeon, and saw 16 of its levels.
You also visited: Gauntlet and Volcano.

You collected 1045 gold pieces.
You spent 315 gold pieces at shops.

Inventory:

Hand Weapons
 a - a +1 war axe (weapon)
 b - a +1 scimitar of flaming
Missiles
 k - 11 boomerangs
 F - 14 javelins (quivered)
 V - 2 silver javelins
 Z - 2 throwing nets
Armour
 c - a +0 kite shield (worn)
 g - a +0 helmet (worn)
 U - a +1 pair of gloves of archery (worn)
 W - a +1 cloak of magic resistance (worn)
 Y - a +2 plate armour of magic resistance (worn)
Jewellery
 y - an uncursed ring of flight
 C - an amulet of faith (around neck)
 L - an uncursed amulet of the gourmand {unknown}
 O - a +2 ring of slaying (right hand)
 S - a +6 amulet of reflection
 X - the ring "Veroirhi" (left hand) {Wiz Str+9 Int+5 Stlth-}
   (You took it off a minotaur in a Gauntlet)

   [ring of wizardry]

   It improves your spell success rate.
   It affects your strength (+9).
   It affects your intelligence (+5).
   It makes you less stealthy.
Wands
 E - a wand of digging (4)
 H - a wand of disintegration (19)
 P - a wand of iceblast (9)
Scrolls
 e - 8 scrolls of remove curse
 i - 4 scrolls of blinking
 j - 3 scrolls of fog
 l - 7 scrolls of teleportation
 n - 2 scrolls of enchant weapon
 A - a scroll of fear
 M - a scroll of vulnerability {unknown}
 N - a scroll of summoning {unknown}
 Q - a scroll of enchant armour
Potions
 d - 3 potions of might
 h - a potion of resistance
 m - 3 potions of berserk rage {unknown}
 p - a potion of ambrosia {unknown}
 s - 3 potions of curing
 t - a potion of heal wounds
 B - a potion of cancellation {unknown}
 D - 4 potions of stabbing {unknown}
 G - 4 potions of flight
 K - a potion of lignification {unknown}
 T - 2 potions of haste
Comestibles
 f - 13 rations


   Skills:
 - Level 8.0 Fighting
 + Level 11.4 Axes
 + Level 8.9 Armour
 - Level 4.5 Dodging
 - Level 9.0 Shields
 - Level 7.0 Invocations
 - Level 6.1 Evocations


You had 12 spell levels left.
You didn't know any spells.
Your spell library contained the following spells:

 Spells                   Type           Power        Failure   Level  Hunger
 Animate Skeleton         Necr           N/A          54%         1    ##.....
 Apportation              Tloc           #.....       54%         1    ##.....
 Corona                   Hex            #......      54%         1    ##.....
 Infusion                 Chrm           #...         54%         1    ##.....
 Magic Dart               Conj           #...         54%         1    ##.....
 Summon Small Mammal      Summ           #...         54%         1    ##.....
 Searing Ray              Conj           #.....       69%         2    ###....
 Shroud of Golubria       Chrm/Tloc      #.....       69%         2    ###....
 Song of Slaying          Chrm           #.......     69%         2    ###....
 Dazzling Flash           Conj/Hex       #.....       88%         3    ####...
 Gell's Gravitas          Tloc           #.........   88%         3    ####...
 Ozocubu's Armour         Chrm/Ice       #.......     88%         3    ####...
 Portal Projectile        Hex/Tloc       #.....       88%         3    ####...
 Spectral Weapon          Hex/Chrm       #.......     88%         3    ####...
 Fulminant Prism          Conj/Hex       #.........   99%         4    #####..
 Iskenderun's Mystic Bla  Conj/Tloc      #.......     99%         4    #####..
 Dispersal                Tloc           #.........   100%        6    #######
 Controlled Blink         Tloc           N/A          100%        8    #######
 Disjunction              Tloc           #.........   100%        8    #######


Dungeon Overview and Level Annotations

Branches:
Dungeon (11/15)            Temple (0/1) D:6            Lair (5/6) D:9
  Swamp (0/4) Lair:4       Spider (0/4) Lair:4          Orc (0/2) D:10
Volcano (visited)         Gauntlet (visited)
  Slime: Lair:5-6

Altars:
Gozag
Hepliaklqana
Makhleb
Uskayaw
The Shining One

Shops:
D:6 :   D:8 =

Annotations:
Lair:1 1 runed translucent door, ReteAZ's ghost, journeyman MfGl
Lair:4 exclusion: 3 oklob plants


Innate Abilities, Weirdness & Mutations

You cannot wear boots.
Your serpentine skin is tough. (AC +4)
You have supernaturally acute eyesight. (SInv)
Armour fits poorly on your strangely shaped body.
Your system is resistant to poisons. (rPois)
You cover ground very slowly.
You have a slow metabolism.
You can spit poison.
You can use your snake-like lower body to constrict enemies.


Message History

You slash the death yak!
The death yak is lightly wounded.
You hit the death yak but do no damage. x3; The death yak burns!
The death yak gores you but does no damage.
The death yak completely misses you.
Your smoke demon gestures at the death yak.
The death yak is smitten.
The death yak gores you but does no damage. x2
You hit the death yak but do no damage.
The death yak is moderately wounded.
You hit the death yak. You slash the death yak! You hit the death yak.
The death yak burns!
The death yak gores you but does no damage.
The death yak gores you!
Your smoke demon gestures at the death yak.
The ball of steam hits the death yak!
The death yak dies!
Makhleb accepts your kill.
The ball of steam hits the death yak!
The death yak gores you!
You die...

...............#.
.................
......P..........
...P.........#..
P...........###
.............#
.............#
#...........##
.......3@Y...#
.......Y0Y......
...#...Y..00...$
....#...........
...#........#...
..#..........#.
#.........#.
.#.....?.##


You could see 3 death yaks, an elephant and a friendly smoke demon.

Vanquished Creatures
  A hydra (Lair:4)
  A two-headed ogre (D:9)
  A queen ant (Gauntlet)
  Pikel (D:5)
  A lindwurm (Volcano)
  2 elephants (Lair:4)
  A black mamba (Lair:4)
  2 molten gargoyles (Volcano)
  9 spiny frogs
  Maggie (D:7)
  A rime drake (Lair:4)
  A komodo dragon (Lair:4)
  A troll (D:9)
  A tyrant leech (Gauntlet)
  A hippogriff (shapeshifter) (Gauntlet)
  2 dream sheep (Lair:4)
  A hippogriff (Lair:2)
  7 flying skulls (Gauntlet)
  A redback (Lair:4)
  8 yaks
  2 wyverns
  A basilisk (Lair:4)
  Grum (D:7)
  4 fire bats (Volcano)
  A hungry ghost (D:10)
  3 swamp worms (Gauntlet)
  A soldier ant (Gauntlet)
  7 water moccasins
  3 hell hounds (Volcano)
  5 porcupines
  3 ice beasts
  2 necrophages (D:6)
  4 sky beasts
  An eye of draining (D:8)
  4 ogres
  3 centaurs
  5 crocodiles
  4 wolves (D:7)
  Blork the orc (D:6)
  A big kobold (D:7)
  8 bullfrogs
  A gnoll sergeant (D:6)
  2 scorpions
  7 killer bees
  4 howler monkeys
  5 crimson imps
  2 lava snakes (Volcano)
  A quasit (D:7)
  A jelly (D:8)
  A centaur skeleton (D:6)
  Crazy Yiuf (D:6)
  2 orc priests (D:7)
  4 hounds
  11 orc wizards
  4 iguanas
  2 worker ants
  A hound skeleton (D:4)
  A worker ant zombie (D:7)
  9 gnolls
  14 adders
  A shadow imp (D:5)
  2 adder zombies
  An adder skeleton (D:7)
  2 worms (D:3)
  2 dart slugs
  5 leopard geckos
  39 orcs
  4 giant cockroaches
  6 goblins
  5 hobgoblins
  6 jackals
  A quokka (D:10)
  2 ball pythons
  3 bats
  6 frilled lizards
  9 kobolds
  A leopard gecko skeleton (D:4)
  A quokka skeleton (D:7)
  8 rats
285 creatures vanquished.

Vanquished Creatures (collateral kills)
  Gastronok (Lair:2)
  A minotaur (Gauntlet)
  A death ooze (Gauntlet)
  A fire dragon (Volcano)
  2 death yaks (Lair:5)
  An orc knight (D:10)
  A cyclops (D:11)
  A spiny frog (Lair:2)
  A komodo dragon (Lair:2)
  A yaktaur (shapeshifter) (Gauntlet)
  A merfolk (shapeshifter) (Gauntlet)
  A hornet (D:9)
  4 dream sheep (Lair:4)
  6 flying skulls (Gauntlet)
  3 yaks (D:9)
  A hungry ghost (D:10)
  3 soldier ants (Gauntlet)
  A swamp worm (Gauntlet)
  2 water moccasins
  A porcupine (Lair:2)
  4 orc warriors
  A swamp drake (Lair:4)
  A necrophage (D:11)
  2 sky beasts
  A centaur (D:9)
  2 crocodiles
  2 bullfrogs
  A scorpion (D:9)
  8 wights
  5 lava snakes (Volcano)
  A bullfrog zombie (D:9)
  2 orc priests
  An orc wizard (D:11)
  An iguana (D:8)
  A worker ant (D:8)
  A hound skeleton (D:9)
  A worker ant zombie (D:9)
  3 gnolls (D:8)
  An adder (D:10)
  An adder skeleton (D:10)
  7 orcs
  A quokka (D:8)
82 creatures vanquished.

Vanquished Creatures (others)
  A slave (D:5)
  An ogre (D:5)
  A hound (D:5)
  An orc (D:5)
  4 fungi (Lair:2)
8 creatures vanquished.

Grand Total: 375 creatures vanquished

Notes
Turn   | Place    | Note
-------+----------+-------------------------------------------
     0 | D:1      | Duffy the Naga Fighter began the quest for the Orb.
     0 | D:1      | Reached XP level 1. HP: 21/21 MP: 1/1
   263 | D:1      | Reached XP level 2. HP: 19/28 MP: 2/2
   871 | D:1      | Reached XP level 3. HP: 34/34 MP: 3/3
  1415 | D:2      | Reached skill level 3 in Axes
  1625 | D:2      | Reached XP level 4. HP: 23/42 MP: 4/4
  2230 | D:3      | Reached XP level 5. HP: 47/49 MP: 5/5
  2535 | D:3      | Reached skill level 4 in Axes
  2658 | D:3      | Found a burning altar of Makhleb.
  2665 | D:3      | Became a worshipper of Makhleb the Destroyer
  3220 | D:4      | Reached XP level 6. HP: 52/56 MP: 6/6
  3412 | D:4      | Reached skill level 5 in Axes
  3971 | D:5      | Entered Level 5 of the Dungeon
  4081 | D:5      | Noticed a slave
  4081 | D:5      | Noticed a slave
  4082 | D:5      | Noticed Pikel
  4089 | D:5      | Reached XP level 7. HP: 52/62 MP: 7/7
  4106 | D:5      | Killed Pikel
  4106 | D:5      | Reached skill level 6 in Axes
  4106 | D:5      | Reached skill level 5 in Shields
  4106 | D:5      | Reached XP level 8. HP: 42/69 MP: 8/8
  4256 | D:5      | Reached * piety under Makhleb
  4301 | D:5      | Reached skill level 7 in Axes
  5405 | D:5      | Reached skill level 8 in Axes
  5786 | D:6      | Reached XP level 9. HP: 75/75 MP: 9/9
  6084 | D:6      | Reached ** piety under Makhleb
  6199 | D:6      | Found a staircase to the Ecumenical Temple.
  6266 | D:6      | Found Oxiyso's Book Shop.
  6395 | D:6      | Noticed Blork the orc
  6419 | D:6      | Killed Blork the orc
  6495 | D:6      | Found a runed translucent door.
  6496 | D:6      | Noticed Crazy Yiuf
  6508 | D:6      | Killed Crazy Yiuf
  6696 | D:7      | Reached skill level 1 in Invocations
  6988 | D:7      | Reached skill level 9 in Axes
  7300 | D:7      | Found an opulent altar of Gozag.
  7300 | D:7      | Found a hide-covered altar of Uskayaw.
  7301 | D:7      | Found a hazy altar of Hepliaklqana.
  7958 | D:7      | Noticed Maggie
  7969 | D:7      | Killed Maggie
  7977 | D:7      | Reached XP level 10. HP: 58/84 MP: 13/13
  8420 | D:8      | Noticed Grum
  8649 | D:7      | Reached skill level 5 in Invocations
  8840 | D:7      | Killed Grum
  8907 | D:7      | Reached *** piety under Makhleb
  9076 | D:7      | Reached skill level 10 in Axes
  9376 | D:8      | Found Agho Reagg's Jewellery Emporium.
  9560 | D:8      | You fall into a shaft and drop 3 floors!
  9561 | D:11     | Noticed a cyclops
  9568 | D:11     | Killed a cyclops
  9736 | D:10     | Entered Level 10 of the Dungeon
 10144 | D:10     | Noticed an orc knight
 10145 | D:10     | Found a staircase to the Orcish Mines.
 10174 | D:10     | Killed an orc knight
 10799 | D:9      | Found a staircase to the Lair.
 10809 | D:9      | Noticed a two-headed ogre
 10815 | D:9      | Reached skill level 5 in Fighting
 10823 | D:9      | Killed a two-headed ogre
 10823 | D:9      | Reached XP level 11. HP: 53/97 MP: 16/16
 11252 | D:8      | Bought a +2 ring of slaying for 315 gold pieces
 11320 | D:9      | Reached skill level 1 in Evocations
 11963 | Lair:1   | Entered Level 1 of the Lair of Beasts
 12026 | Lair:1   | Found a runed translucent door.
 12409 | Lair:1   | Found a glowing golden altar of the Shining One.
 12427 | Lair:1   | Reached skill level 1 in Dodging
 12730 | Lair:1   | Noticed ReteAZ's ghost (journeyman MfGl)
 12761 | Lair:2   | Found a gate leading to a gauntlet.
 12770 | Gauntlet | Entered a Gauntlet
 12770 | Gauntlet | Found a transporter.
 12777 | Gauntlet | Noticed a death ooze
 12780 | Gauntlet | Found a transporter.
 12781 | Gauntlet | Found a transporter.
 12782 | Gauntlet | Found a transporter.
 12789 | Gauntlet | Noticed a queen ant
 12792 | Gauntlet | Found a transporter.
 12792 | Gauntlet | Found a transporter.
 12793 | Gauntlet | Found a transporter.
 12804 | Gauntlet | Found a transporter.
 12804 | Gauntlet | Found a transporter.
 12805 | Gauntlet | Found a transporter.
 12807 | Gauntlet | Noticed a fire crab
 12808 | Gauntlet | a fire crab changed into a komodo dragon
 12813 | Gauntlet | Found a transporter.
 12816 | Gauntlet | Found a transporter.
 12817 | Gauntlet | Found a transporter.
 12825 | Gauntlet | Found a transporter.
 12865 | Gauntlet | Noticed a lindwurm
 12866 | Gauntlet | a lindwurm changed into an eye of devastation
 12870 | Gauntlet | Noticed a cyclops
 12875 | Gauntlet | Noticed a two-headed ogre
 12875 | Gauntlet | a cyclops changed into a two-headed ogre
 12920 | Gauntlet | Killed a death ooze
 12938 | Gauntlet | Killed a queen ant
 13054 | Gauntlet | Reached **** piety under Makhleb
 13102 | Gauntlet | Reached skill level 5 in Evocations
 13302 | Gauntlet | Reached XP level 12. HP: 73/110 MP: 17/17
 13426 | Gauntlet | Identified the +6 short sword of Courage {freeze, rF+ MP+9
                  | Str+5 Int+4}
 13426 | Gauntlet | Identified the ring "Veroirhi" {Wiz Str+9 Int+5 Stlth-}
 13426 | Gauntlet | Noticed a minotaur
 13448 | Gauntlet | Killed a minotaur
 14269 | Lair:2   | Noticed Gastronok
 14281 | Lair:2   | Killed Gastronok
 14281 | Lair:2   | Reached skill level 5 in Armour
 15111 | Lair:3   | Found a dark tunnel.
 15118 | Volcano  | Entered a volcano
 16321 | Volcano  | Found a bloodstained altar of Trog.
 16468 | Volcano  | Noticed a fire dragon
 16479 | Volcano  | Killed a fire dragon
 16693 | Volcano  | Got a twisted leather armour
 17859 | Lair:4   | Found a staircase to the Swamp.
 17884 | Lair:4   | Found a hole to the Spider Nest.
 18122 | Lair:4   | Gained mutation: You can use your snake-like lower body to
                  | constrict enemies. [Naga growth]
 18122 | Lair:4   | Reached XP level 13. HP: 117/117 MP: 18/18
 18210 | Lair:4   | Reached skill level 11 in Axes
 18255 | Lair:4   | HP: 2/117 [three-headed hydra (4)]
 19444 | Lair:5   | HP: 3/117 [death yak (9)]
 19444 | Lair:5   | Slain by a death yak

Levels and vault maps discovered:
D:1:      saegor_arrival_simple_c, layout_basic
D:2:      layout_loops_ring, first_ration, serial_bayou_ford_a
D:3:      layout_loops_ring, makhleb_blood_cavern_becter
D:4:      layout_rooms, hangedman_abyss_or_decor_passed
D:5:      layout_gridville, uniq_pikel
D:6:      layout_basic, minmay_temple_entry_sparse_star, serial_shops,
          nicolae_shop_temple_entry_statues_fountains, uniq_blork_the_orc,
          uniq_crazy_yiuf_cottage
D:7:      layout_basic, gammafunk_temple_overflow_claw, grunt_ogre_cave,
          uniq_maggie
D:8:      layout_cave_pools, serial_shops, shop_coins, uniq_grum
D:9:      layout_cross, lair_entry_dummy
D:10:     layout_roguey, orc_david_3
D:11:     layout_cave_pods, uniq_sonja, uniq_psyche, uniq_nergalle
Lair:1:   layout_misc_corridors, basic_altar, ebering_ghost_reflecting_pool
Lair:2:   layout_gridlike, gauntlet_entry_generic,
          portal_ice_cave_entry_pillars_2, uniq_gastronok
Lair:3:   layout_cave_pods, nicolae_volcano_entry_hallway,
          eino_small_chamber_without_monster
Lair:4:   layout_hall_layers, minmay_swamp_entry_reptiles,
          spider_nest_entry_rubble, beast_lair_carwin_3, grunt_megastairs_4,
          infiniplex_staircase_pool_2, minmay_lair_oklob_chamber
Lair:5:   layout_long_grid, slime_altar_1, lemuel_fruit_fields,
          serial_bayou_shore_b

Skill      XL: |  1  2  3  4  5  6  7  8  9 10 11 12 13 |
---------------+----------------------------------------+-----
Shields        | 3 4 5 7 8 9 |  9.0
Axes           | 3 4 5 6 8 9 10 11 | 11.4
Invocations    | 4 7 |  7.0
Fighting       | 6 8 |  8.0
Evocations     | 5 6 |  6.1
Dodging        | 3 4 |  4.5
Armour         | 4 8 |  8.9

Action                   |  1- 3 |  4- 6 |  7- 9 | 10-12 | 13-15 || total
-------------------------+-------+-------+-------+-------+-------++-------
Melee: War axe           |    92 |   196 |   340 |   644 |    78 ||  1350
       Scimitar          |       |       |       |       |    13 ||    13
       Constrict         |       |       |       |       |     8 ||     8
Throw: Throwing net      |       |       |       |     3 |       ||     3
Invok: Minor Destruction |       |       |     3 |       |       ||     3
       Lesser Servant of |       |       |       |    34 |     4 ||    38
 Abil: Spit Poison       |       |     3 |    18 |     5 |       ||    26
Evoke: Wand              |       |       |       |    14 |       ||    14
  Use: Scroll            |     7 |     2 |     3 |     9 |       ||    21
       Potion            |       |       |       |     5 |       ||     5
 Stab: Distracted        |       |       |       |     8 |       ||     8
       Held in net/web   |       |       |       |     1 |       ||     1
  Eat: Chunk             |     1 |     7 |     9 |     6 |     1 ||    24
       Ration            |       |       |     1 |     6 |     2 ||     9
Armor: Scale mail        |    55 |   106 |   140 |   209 |       ||   510
       Plate armour      |       |       |       |   106 |    80 ||   186
       Ring mail         |       |       |       |     3 |       ||     3
Dodge: Dodged            |    33 |    49 |    91 |   173 |    30 ||   376
       Repelled          |       |     1 |     2 |     2 |       ||     5
Block: Kite shield       |    46 |    97 |   196 |   408 |    73 ||   820
       Rpst.: Scimitar   |       |       |       |       |     2 ||     2

Table legend:
 A = Non-vault XP
 B = Vault XP
 C = Vault XP percentage of total XP
 D = Non-vault monster count
 E = Vault monster count
 F = Vault count percentage of total count
                 A         B        C        D         E       F
            +---------+---------+-------+---------+---------+-------
      Total |   20116 |   17966 |  47.2 |     292 |      75 |  20.4
            +---------+---------+-------+---------+---------+-------
        D:1 |      39 |       0 |   0.0 |      17 |       0 |   0.0
        D:2 |      69 |       0 |   0.0 |      14 |       0 |   0.0
        D:3 |     142 |      40 |  22.0 |      28 |       1 |   3.4
        D:4 |     312 |       0 |   0.0 |      17 |       0 |   0.0
        D:5 |    1068 |     641 |  37.5 |      30 |       1 |   3.2
        D:6 |     542 |     135 |  19.9 |      11 |       2 |  15.4
        D:7 |    1761 |    1156 |  39.6 |      41 |       7 |  14.6
        D:8 |     560 |       0 |   0.0 |      28 |       0 |   0.0
        D:9 |    3214 |       0 |   0.0 |      27 |       0 |   0.0
       D:10 |    1145 |     433 |  27.4 |      24 |       4 |  14.3
       D:11 |     579 |       0 |   0.0 |       7 |       0 |   0.0
     Lair:1 |     786 |       0 |   0.0 |       5 |       0 |   0.0
     Lair:2 |    3401 |    1355 |  28.5 |      16 |       1 |   5.9
     Lair:3 |    1330 |       0 |   0.0 |       8 |       0 |   0.0
     Lair:4 |    3969 |    3924 |  49.7 |      17 |      13 |  43.3
     Lair:5 |    1199 |       0 |   0.0 |       2 |       0 |   0.0
    Volcano |       0 |    3772 | 100.0 |       0 |      18 | 100.0
   Gauntlet |       0 |    6510 | 100.0 |       0 |      28 | 100.0
            +---------+---------+-------+---------+---------+-------
